 Dungeon Crawl Stone Soup version 0.17.0-24-gcfadda4 (webtiles) character file.

1591 Drakale the Covert (level 8, -3/48 HPs)
             Began as an Octopode Assassin on Nov 17, 2015.
             Slain by a giant frog (9 damage)
             ... on level 6 of the Dungeon.
             The game lasted 00:16:41 (5208 turns).

Drakale the Covert (Octopode Assassin)              Turns: 5208, Time: 00:16:41

Health: -3/48      AC:  1    Str: 10      XL:     8   Next: 93%
Magic:  11/11      EV: 13    Int: 16      God:
Gold:   302        SH:  0    Dex: 11 (13) Spells: 0 memorised, 12 levels left

rFire  . . .     SeeInvis +     y - +2 short sword (venom)
rCold  . . .     Clarity  +     (no shield)
rNeg   . . .     SustAt   .     (helmet restricted)
rPois  .         Gourm    .     (no amulet)
rElec  .         Spirit   .     l - ring of see invisible
rCorr  .         Warding  .     g - ring of wizardry
rMut   .         Stasis   .     (no ring)
MR     .....                    (no ring)
Stlth  ++++++....               (no ring)
                                (no ring)
                                (no ring)
                                (no ring)

@: very slightly contaminated, not resistant to hostile enchantments, very
stealthy
A: almost no armour, amphibious, 8 rings, constrict 8, camouflage 1, clarity,
frail 1, gelatinous body 1, subdued magic 1
a: no special abilities


You were on level 6 of the Dungeon.
You were hungry.

You visited 1 branch of the dungeon, and saw 6 of its levels.
You also visited: Sewer.

You collected 302 gold pieces.

Inventory:

Hand Weapons
 a - a +2 dagger
 b - a +0 blowgun
 q - a +3 hunting sling
 s - a +0 dagger of holy wrath
 y - a +2 short sword of venom (weapon)
Missiles
 c - 8 poisoned needles
 d - 4 curare-tipped needles
 p - 6 javelins (quivered)
 A - 67 stones
 J - a throwing net
Jewellery
 g - a ring of wizardry (right tentacle)
 l - a ring of see invisible (left tentacle)
Wands
 z - a wand of polymorph (13)
 D - a wand of draining (0)
 G - a wand of cold (1)
Scrolls
 f - 5 scrolls of identify {unknown}
 h - a scroll of immolation {unknown}
 i - a scroll of fear {unknown}
 j - 5 scrolls of teleportation {unknown}
 o - 3 scrolls of remove curse {unknown}
 B - a scroll of enchant armour {unknown}
 K - 2 scrolls of blinking {unknown}
Potions
 t - a potion of haste {unknown}
 I - a potion of brilliance {unknown}
 L - a potion of poison {unknown}
Miscellaneous
 x - a plain deck of changes
Comestibles
 e - 5 bread rations
 m - 6 fruits
 w - a slice of pizza
 E - a royal jelly
 H - 2 meat rations


   Skills:
 + Level 4.0 Fighting
 + Level 4.2 Short Blades
 + Level 2.4 Throwing
 + Level 4.7 Dodging
 + Level 11.7 Stealth
 * Level 2.5 Spellcasting


You had 12 spell levels left.
You didn't know any spells.

Dungeon Overview and Level Annotations

Branches:
Dungeon (6/15)
 Temple: D:4-7

Altars:
Ashenzari
Nemelex Xobeh
Ru


Innate Abilities, Weirdness & Mutations

You cannot wear most types of armour.
You are amphibious.
You can wear up to eight rings at the same time.
You can use your tentacles to constrict eight enemies at once.
Your skin changes colour to match your surroundings (Stealth).
Your rubbery body absorbs attacks (AC +1).
You possess an exceptional clarity of mind.
You are frail (-10% HP).
Your spells are a little easier to cast, but a little less powerful.


Message History

The bolt of negative energy hits the orc wizard.
The orc wizard is drained!
You kill the orc wizard!
Evoking this partially-identified wand wasted a few charges.
Evoke which item? (* to show all) (? for menu, Esc to quit)
Zapping:
D - a wand of draining {zapped: 8} (will waste charges)
Press: ? - help, Shift-Dir - straight line, f - giant frog
Aim: a giant frog Nothing appears to happen.
Evoke which item? (* to show all) (? for menu, Esc to quit)
Zapping:
G - a wand of cold {zapped: 2} (will waste charges)
Press: ? - help, Shift-Dir - straight line, f/p - giant frog
Aim: a giant frog The bolt of cold hits the giant frog.
The giant frog is almost dead.
Evoking this partially-identified wand wasted a few charges.
You barely miss the giant frog. Your grab misses the giant frog.
The giant frog is almost dead.
The giant frog hits you!
You die... .o..) #####.## ## l.=. ......###.## Fao

####.....#...# ##o#
#..o..........
#..<##.##.....#.. #.#
#.#.#.###...##.. #.#
#.)††[# ##.###.# .#.#
.......#.######)# #.###.#.#
.####.........@.###....##.#
#..##..>..F...(...# #.# #..
#.#####.###...# #.# #.....#
#.......# #<# ##. .#
#.####..# #.# #. .#
#.####..###.#####
####................
.....####..#########
.#..)...#


You could see a giant frog.

Vanquished Creatures
  A two-headed ogre (D:4)
  Menkaure (D:4)
  2 sky beasts
  A centaur (D:5)
  2 giant frogs
  2 scorpions
  4 killer bees (D:6)
  2 giant frog skeletons
  An iguana (D:6)
  A wasp zombie (D:5)
  A hound (D:5)
  An orc priest (D:4)
  3 orc wizards
  Natasha (D:2)
  4 worker ants
  12 adders
  An ooze (D:2)
  5 worms
  24 orcs
  19 giant cockroaches
  11 goblins
  8 hobgoblins
  10 kobolds
  A quokka (D:4)
  2 ball pythons
  8 bats
  A giant cockroach zombie (D:6)
  8 giant geckos
  12 giant newts
  A jackal skeleton (D:5)
  A quokka skeleton (D:4)
  5 rats
156 creatures vanquished.

Vanquished Creatures (others)
  An orc warrior (D:6)
  A worker ant (D:6)
  A giant gecko (D:5)
3 creatures vanquished.

Grand Total: 159 creatures vanquished

Notes
Turn   | Place    | Note
--------------------------------------------------------------
     0 | D:1      | Drakale the Octopode Assassin began the quest for the Orb.
     0 | D:1      | Reached XP level 1. HP: 14/14 MP: 1/1
   246 | D:1      | Reached XP level 2. HP: 13/19 MP: 2/2
   751 | D:1      | Reached skill level 6 in Stealth
   924 | D:2      | Reached XP level 3. HP: 24/24 MP: 3/3
  1022 | D:2      | Found a sacrificial altar of Ru.
  1127 | D:2      | Noticed Natasha
  1134 | D:2      | Killed Natasha
  1134 | D:2      | Reached XP level 4. HP: 8/29 MP: 4/4
  1709 | D:3      | Reached skill level 7 in Stealth
  1808 | D:3      | Noticed a sky beast
  2177 | D:3      | Reached XP level 5. HP: 21/34 MP: 5/5
  2525 | D:3      | Found a sparkling altar of Nemelex Xobeh.
  2618 | D:3      | Killed a sky beast
  2618 | D:3      | Reached skill level 8 in Stealth
  2842 | D:3      | Reached XP level 6. HP: 41/41 MP: 6/6
  3504 | D:4      | Noticed Menkaure
  3511 | D:4      | Killed Menkaure
  3511 | D:4      | Reached skill level 9 in Stealth
  3511 | D:4      | Reached XP level 7. HP: 45/45 MP: 7/7
  3519 | D:4      | Noticed a two-headed ogre
  3530 | D:4      | Killed a two-headed ogre
  4187 | D:4      | Reached skill level 10 in Stealth
  4205 | D:5      | Entered Level 5 of the Dungeon
  4234 | D:5      | Reached XP level 8. HP: 52/52 MP: 7/9
  4244 | D:5      | Reached skill level 1 in Spellcasting
  4528 | D:5      | Found a glowing drain.
  4549 | Sewer    | Entered a sewer
  4660 | Sewer    | Reached skill level 11 in Stealth
  4875 | D:5      | Found a shattered altar of Ashenzari.
  5166 | D:6      | Gained mutation: Your spells are a little easier to cast, but a little less powerful. [potion of mutation]
  5166 | D:6      | Gained mutation: You are frail (-10% HP). [potion of mutation]
  5166 | D:6      | Gained mutation: You possess an exceptional clarity of mind. [potion of mutation]
  5208 | D:6      | Slain by a giant frog

Action                   |  1- 3 |  4- 6 |  7- 9 || total
-------------------------+-------+-------+-------++-------
Melee: Dagger            |    45 |    99 |       ||   144
       Short sword       |       |    20 |   150 ||   170
 Fire: Blowgun           |       |       |     1 ||     1
Evoke: Wand              |       |       |     5 ||     5
  Use: Potion            |       |       |     6 ||     6
 Stab: Sleeping          |    13 |    14 |    23 ||    50
       Distracted        |       |     1 |     2 ||     3
       Invisible         |       |       |     1 ||     1
  Eat: Chunk             |       |     7 |     5 ||    12
       Fruit             |       |     1 |       ||     1
